 Dungeon Crawl Stone Soup version 0.31.0-12-g77e489cdc1 (webtiles) character file.

Game seed: 1072277375392106576

177 Gadfly the Trooper (level 5, -1/54 HPs)
             Began as an Oni Gladiator on Feb 15, 2024.
             Slain by an orc
             ... wielding a +0 trident
              (7 damage)
             ... on level 4 of the Dungeon.
             The game lasted 00:06:48 (3312 turns).

Gadfly the Trooper (Oni Gladiator)                  Turns: 3312, Time: 00:06:49

Health: -1/54      AC:  4    Str: 26    XL:     5   Next: 57%
Magic:  7/7        EV: 10    Int:  9    God:
Gold:   142        SH:  0    Dex: 10    Spells: 4/4 levels left

rFire   . . .        a - +0 flail
rCold   . . .        (no shield)
rNeg    + . .        u - +0 robe
rPois   .            c - +1 hat
rElec   .            (no cloak)
rCorr   .            (gloves unavailable)
SInv    .            (boots unavailable)
Will    .....        (no amulet)
Stlth   +            o - ring of positive energy
HPRegen 0.29/turn    k - +6 ring of strength
MPRegen 0.10/turn

%: no passive effects
@: no status effects
A: large, unfitting armour, horns 1, tough skin 1, double potion healing,
drunken brawling
a: no special abilities


You were on level 4 of the Dungeon.
You visited 1 branch of the dungeon, and saw 4 of its levels.

You collected 142 gold pieces.

Inventory:

Hand Weapons
 a - a +0 flail (weapon)
 b - a +0 whip of draining
Missiles
 d - 3 throwing nets
 e - 6 large rocks
 h - 4 poisoned darts
 i - 6 atropa-tipped darts
 s - 3 boomerangs (quivered)
Armour
 c - a +1 hat (worn)
 u - a +0 robe (worn)
Jewellery
 f - a ring of protection from cold
 k - a +6 ring of strength (right hand)
 o - a ring of positive energy (left hand)
Scrolls
 j - 2 scrolls of identify
Potions
 g - a potion of curing
 l - 2 potions of mutation
 p - a potion of lignification


   Skills:
 + Level 3.7 Fighting
 + Level 3.4 Maces & Flails
 * Level 2.8 Throwing
 * Level 2.2 Armour
 - Level 2.6 Dodging
 * Level 3.2 Invocations


You had 4 spell levels left.
You didn't know any spells.
Your spell library was empty.

Dungeon Overview and Level Annotations

Branches:
Dungeon (4/15)
 Temple: D:4-7

Altars:
Elyvilon
Fedhas
Wu Jian
Zin

Shops:
D:1 =


Innate Abilities, Weirdness & Mutations

You are too large for most types of armour.
You have a pair of small horns on your head.
You have tough skin. (AC +1)
You gain doubled healing and magic from potions.
Whenever you drink a healing potion, you attack all around you.


Message History

The centaur barely misses you.
The orc hits you from afar with a +0 trident.
* * * LOW HITPOINT WARNING * * *
The centaur barely misses you.
The centaur kicks you but does no damage.
You closely miss the centaur.
The centaur is lightly wounded.
The centaur closely misses you.
The centaur kicks you but does no damage.
The orc closely misses you.
You hit the centaur.
The centaur is lightly wounded.
The centaur barely misses you.
The centaur kicks you but does no damage.
The orc completely misses you. The centaur barely misses you.
The centaur kicks you.
* * * LOW HITPOINT WARNING * * *
You hit the centaur.
The centaur is moderately wounded.
The centaur hits you but does no damage.
The centaur kicks you.
* * * LOW HITPOINT WARNING * * *
The orc hits you from afar with a +0 trident.
* * * LOW HITPOINT WARNING * * *
The centaur barely misses you.
The centaur kicks you but does no damage.
The orc hits you but does no damage.
You sock the centaur!
The centaur is severely wounded.
The centaur hits you but does no damage.
The centaur kicks you.
* * * LOW HITPOINT WARNING * * *
The orc barely misses you.
The centaur hits you but does no damage.
The centaur kicks you but does no damage.
You hit the centaur.
The centaur is severely wounded.
The centaur closely misses you. The centaur barely misses you.
The orc hits you from afar with a +0 trident!
You die...

####.#
....# ....
... .. #.#
...
##.###....
#<........
#.........
#@.o.....#
#c.......#
#.......##
#.......#
#.......#
##...####
#...# ....


You could see a centaur and an orc.

Vanquished Creatures
  A hound (D:3)
  2 orc wizards (D:3)
  An adder (D:2)
  6 orcs (D:3)
  6 endoplasms
  2 giant cockroaches
  7 hobgoblins
  11 jackals (D:3)
  2 kobolds
  3 quokkas
  8 ball pythons
  6 bats
  6 frilled lizards
  9 goblins
  7 rats
77 creatures vanquished.

Vanquished Creatures (others)
  A butterfly (D:3)
1 creature vanquished.

Grand Total: 78 creatures vanquished

Notes
Turn   | Place    | Note
-------+----------+-------------------------------------------
     0 | D:1      | Gadfly the Oni Gladiator began the quest for the Orb.
     0 | D:1      | Reached XP level 1. HP: 22/22 MP: 1/1
   121 | D:1      | Found Calo's Jewellery Shop.
   132 | D:1      | Reached XP level 2. HP: 23/29 MP: 2/2
   194 | D:1      | Reached skill level 1 in Invocations
   439 | D:1      | Reached skill level 1 in Armour
   560 | D:1      | Reached XP level 3. HP: 33/37 MP: 4/4
  1194 | D:2      | Found a glowing silver altar of Zin.
  1568 | D:3      | Reached XP level 4. HP: 43/45 MP: 5/5
  1584 | D:3      | Found a blossoming altar of Fedhas.
  1671 | D:3      | Found an ornate altar of the Wu Jian Council.
  1824 | D:3      | HP: 2/45 [jackal (3)]
  2058 | D:3      | Reached XP level 5. HP: 46/53 MP: 7/7
  2086 | D:3      | Found a white marble altar of Elyvilon.
  2461 | D:4      | Noticed a centaur
  2483 | D:3      | HP: 2/53 [something (3)]
  3312 | D:4      | Slain by an orc

Illustrated notes

Levels and vault maps discovered:
D:1:      psy_arrival_statuary, layout_loops_cross, serial_shops,
          nicolae_shop_waterfront
D:2:      layout_loops_cross, basic_altar
D:3:      layout_rooms, nicolae_wu_jian_wuxing_cycle, fedhas_altar_1,
          nicolae_elyvilon_peaceful_grove
D:4:      layout_loops_ring, nicolae_tso_besieged_by_evil,
          minmay_temple_entry_grid, serial_shops, nicolae_shop_rolled_up,
          uniq_robin, uniq_pikel

Skill      XL: |  1  2  3  4 |
---------------+-------------+-----
Invocations    | 1 2 3 |  3.2
Fighting       | 3 |  3.7
Armour         | 1 2 |  2.2
Maces & Flails | |  3.4
Throwing       | |  2.8
Dodging        | |  2.6

Action                     |  1- 3 |  4- 6 || total
---------------------------+-------+-------++-------
  Melee: Flail             |   102 |    97 ||   199
         Headbutt          |    12 |    13 ||    25
         Whip              |       |     4 ||     4
         Punch             |       |     1 ||     1
    Use: Scroll            |     3 |     5 ||     8
         Potion            |       |     2 ||     2
 Armour: Robe              |    59 |   163 ||   222
  Dodge: Dodged            |    49 |   120 ||   169
